 Dungeon Crawl Stone Soup version 0.31-a0-455-g1a7b003ef0 (webtiles) character file.

Game seed: 9004034800095794707

2153 zazu2006 the Thaumaturge (level 9, -17/65 HPs)
             Began as a Gnoll Wanderer on Aug 3, 2023.
             Was an Initiate of Vehumet.
             Demolished by a red ugly thing (18 damage)
             ... on level 6 of the Dungeon.
             The game lasted 00:20:01 (8057 turns).

zazu2006 the Thaumaturge (Gnoll Wanderer)           Turns: 8057, Time: 00:20:01

Health: -17/65     AC:  5    Str: 11    XL:     9   Next: 31%
Magic:  29/30      EV: 14    Int: 17    God:    Vehumet [......]
Gold:   247        SH:  0    Dex: 13    Spells: 21/24 levels left

rFire   . . .        B - +2 trident "Ymiamio" {heavy, Int+2 Stlth+}
rCold   . . .        (no shield)
rNeg    . . .        d - +0 robe
rPois   .            m - +0 helmet
rElec   .            r - +0 cloak
rCorr   .            b - +0 pair of gloves
SInv    .            (no boots)
Will    .....        (no amulet)
Stlth   ++++         h - ring of magical power
HPRegen 0.30/turn    (no ring)
MPRegen 0.22/turn

%: no passive effects
@: no status effects
A: fangs 1, strong nose, distributed training
a: Renounce Religion


You were on level 6 of the Dungeon.
You worshipped Vehumet.
Vehumet was noncommittal.
You visited 2 branches of the dungeon, and saw 8 of its levels.

You collected 247 gold pieces.

Inventory:

Hand Weapons
 a - a +0 long sword
 i - a +2 trident of venom
 A - the +4 glaive "Gnoll's Regret" {flame, *Noise rN+ rCorr}
   (You took it off a centaur on level 7 of the Dungeon)

   rN:        It protects you from negative energy.
   *Noise:    It may make noises in combat.
   rCorr:     It protects you from acid and corrosion.
 B - the +2 trident "Ymiamio" (weapon) {heavy, Int+2 Stlth+}
   (You took it off a centaur on level 7 of the Dungeon)

   Int:       It affects your intelligence (+2).
   Stlth:     It makes you more stealthy.
Armour
 b - a +0 pair of gloves (worn)
 d - a +0 robe (worn)
 m - a +0 helmet (worn)
 r - a +0 cloak (worn)
Jewellery
 h - a ring of magical power (left hand)
Wands
 c - a wand of flame (22)
 v - a wand of quicksilver (2)
Scrolls
 f - 3 scrolls of amnesia {unknown}
 k - 3 scrolls of brand weapon
 l - 3 scrolls of teleportation
 n - 2 scrolls of poison
 o - a scroll of revelation {unknown}
 p - a scroll of enchant weapon {unknown}
 q - a scroll of noise {unknown}
 u - a scroll of enchant armour {unknown}
 y - a scroll of silence {unknown}
Potions
 e - a potion of attraction
 g - 6 potions of mutation
 j - 5 potions of curing
 t - a potion of brilliance
 w - 2 potions of resistance
 x - a potion of lignification {unknown}
 z - a potion of haste {unknown}


   Skills:
 + Level 4.2 Fighting
 + Level 4.2 Short Blades
 + Level 4.2 Long Blades
 + Level 4.2 Axes
 + Level 4.2 Maces & Flails
 + Level 4.2 Polearms
 + Level 4.2 Staves
 + Level 4.2 Ranged Weapons
 + Level 4.2 Throwing
 + Level 4.2 Armour
 + Level 6.3 Dodging
 + Level 4.9 Stealth
 + Level 4.2 Shields
 + Level 5.0 Unarmed Combat
 + Level 8.4 Spellcasting
 + Level 3.4 Conjurations
 + Level 3.4 Hexes
 + Level 3.4 Summonings
 + Level 3.4 Necromancy
 + Level 3.4 Translocations
 + Level 6.5 Transmutations
 + Level 3.4 Fire Magic
 + Level 3.4 Ice Magic
 + Level 3.4 Air Magic
 + Level 3.4 Earth Magic
 + Level 3.4 Poison Magic
 + Level 4.6 Invocations
 + Level 4.2 Evocations
 + Level 3.4 Shapeshifting


You had 21 spell levels left.
You knew the following spells:

 Your Spells              Type           Power      Damage    Failure   Level
a - Sting                 Tmut/Pois      96%        1d7       1%          1
b - Blink                 Tloc           36%        N/A       3%          2

Your spell library contained the following spells:

 Spells                   Type           Power      Damage    Failure   Level
 Wereblood                Tmut           29%        N/A       1%          2
 Freeze                   Ice            72%        1d8       2%          1
 Ignite Poison            Fire/Tmut/Pois 22%        N/A       4%          3
 Frozen Ramparts          Ice            36%        1d6       8%          3
 Hailstorm                Conj/Ice       18%        3d6       8%          3
 Vhi's Electric Charge    Tloc/Air       36%        N/A       8%          3
 Manifold Assault         Tloc           18%        N/A       24%         4
 Arcjolt                  Conj/Air       9%         1d19      56%         5
 Maxwell's Capacitive Co  Air            9%         ∞         100%        8


Dungeon Overview and Level Annotations

Branches:
Dungeon (7/15)             Temple (1/1) D:5

Altars:
Ashenzari
Cheibriados
Dithmenos
Elyvilon
Fedhas
Gozag
Hepliaklqana
Kikubaaqudgha
Makhleb
Nemelex Xobeh
Okawaru
Qazlal
Ru
Sif Muna
Uskayaw
Vehumet
Wu Jian
Xom
Yredelemnul
Zin
The Shining One

Annotations:
D:4 1 runed translucent door


Innate Abilities, Weirdness & Mutations

You have very sharp teeth.
Your uncanny sense of smell can sniff out nearby items.
Your experience applies equally to all skills.


Message History

The red ugly thing is poisoned.
The red ugly thing misses you.
Casting: Sting (safe; 1% risk of failure)
Confirm with . or Enter, or press ? or * to list all spells.
Aiming: Sting (safe; 1% risk of failure)
Press: ? - help, Shift-Dir - straight line, f/p - red ugly thing
Aim: a red ugly thing (poisoned, 76% to hit)
The sting hits the red ugly thing.
The red ugly thing looks even sicker.
The red ugly thing is lightly wounded.
The red ugly thing engulfs you.
You are engulfed in flames!!
Unknown command.
Casting: Sting (safe; 1% risk of failure)
Confirm with . or Enter, or press ? or * to list all spells.
Aiming: Sting (safe; 1% risk of failure)
Press: ? - help, Shift-Dir - straight line, f/p - red ugly thing
Aim: a red ugly thing (lightly wounded, very poisoned, 76% to hit)
Okay, then.
Aiming: Quicksilver Bolt
Press: ? - help, Shift-Dir - straight line, f/p - red ugly thing
Aim: a red ugly thing (lightly wounded, very poisoned, 74% to hit)
The bolt of dispelling energy hits the red ugly thing!!
The red ugly thing is moderately wounded.
The red ugly thing engulfs you but does no damage.
Unknown command.
Aiming: Quicksilver Bolt
Press: ? - help, Shift-Dir - straight line, f/p - red ugly thing
Aim: a red ugly thing (moderately wounded, very poisoned, 74% to hit)
The bolt of dispelling energy hits the red ugly thing!!
The red ugly thing is severely wounded.
The red ugly thing engulfs you!
You are engulfed in flames!!
* * * LOW HITPOINT WARNING * * *
Aiming: Throw Flame
Press: ? - help, Shift-Dir - straight line, f/p - red ugly thing
Aim: a red ugly thing (severely wounded, very poisoned, 71% to hit)
The puff of flame hits the red ugly thing.
The red ugly thing resists.
The red ugly thing is severely wounded.
The red ugly thing engulfs you.
* * * LOW HITPOINT WARNING * * *
You are engulfed in flames!!
You die...

##### ##.....####
#_....._############
##.....##..........#
#8...8##.########.# ####
##.....##.#......#.# ...#
#8.....8#...####.#.# ...#
##.....##.######.#.# #..#
####8..u8##........#.# #..#
#.####@####.########.# #..#
#.####### #.# #(# #..#
#......#############.## #..#
######......................
#..#
#...........################
..## #....[......# ..#
#...........# ..#
#...........#
..####...........#


You could see a red ugly thing (very poisoned).

Vanquished Creatures
  2 wraiths (D:7)
  An acid dragon (D:7)
  2 water moccasins (D:7)
  An orc warrior (D:7)
  2 sky beasts (D:7)
  An ice beast (D:7)
  3 centaurs (D:7)
  A phantom (D:7)
  A bullfrog (D:7)
  A gnoll sergeant (D:7)
  A scorpion (D:5)
  2 howler monkeys
  2 jellies
  3 hounds
  An orc priest (D:5)
  2 sleepcaps
  A gnoll bouda (D:5)
  2 iguanas (D:5)
  3 orc wizards
  Robin (D:3)
  3 gnolls (D:5)
  8 adders
  A white imp (D:7)
  2 worms (D:2)
  A dart slug (D:2)
  14 orcs
  5 ball pythons
  7 endoplasms
  4 giant cockroaches
  16 goblins
  11 hobgoblins
  4 jackals (D:1)
  6 kobolds
  3 quokkas
  9 bats
  2 frilled lizards
  3 rats
132 creatures vanquished.

Notes
Turn   | Place    | Note
-------+----------+-------------------------------------------
     0 | D:1      | zazu2006 the Gnoll Wanderer began the quest for the Orb.
     0 | D:1      | zazu2006 set off with the following items: a +0 dagger, a
                  | +0 pair of gloves, a potion of berserk rage, a +0 robe, a
                  | potion of attraction; and the following spell memorised:
                  | Sting; and the following spells available to memorise:
                  | Wereblood, Ignite Poison.
     0 | D:1      | Reached XP level 1. HP: 13/13 MP: 8/8
   223 | D:1      | Reached XP level 2. HP: 19/19 MP: 10/10
   913 | D:1      | Reached XP level 3. HP: 25/25 MP: 11/11
   916 | D:1      | Learned a level 2 spell: Blink
  1261 | D:2      | Reached skill level 1 in Invocations
  1366 | D:2      | Found a glowing golden altar of the Shining One.
  1409 | D:2      | Reached skill level 1 in Fighting
  1409 | D:2      | Reached skill level 1 in Short Blades
  1409 | D:2      | Reached skill level 1 in Long Blades
  1409 | D:2      | Reached skill level 1 in Axes
  1409 | D:2      | Reached skill level 1 in Maces & Flails
  1409 | D:2      | Reached skill level 1 in Polearms
  1409 | D:2      | Reached skill level 1 in Staves
  1409 | D:2      | Reached skill level 1 in Ranged Weapons
  1409 | D:2      | Reached skill level 1 in Throwing
  1409 | D:2      | Reached skill level 1 in Armour
  1409 | D:2      | Reached skill level 1 in Shields
  1409 | D:2      | Reached skill level 1 in Evocations
  1613 | D:2      | Reached XP level 4. HP: 32/32 MP: 13/13
  1852 | D:2      | You fall into a shaft and drop 2 floors!
  1852 | D:4      | Found a glowing silver altar of Zin.
  1852 | D:4      | Found an ancient bone altar of Kikubaaqudgha.
  1852 | D:4      | Found a snail-covered altar of Cheibriados.
  1859 | D:4      | Found an ornate altar of the Wu Jian Council.
  1885 | D:4      | Found a burning altar of Makhleb.
  1962 | D:3      | Noticed Robin
  1982 | D:3      | Reached skill level 1 in Conjurations
  1982 | D:3      | Reached skill level 1 in Hexes
  1982 | D:3      | Reached skill level 1 in Summonings
  1982 | D:3      | Reached skill level 1 in Necromancy
  1982 | D:3      | Reached skill level 1 in Translocations
  1982 | D:3      | Reached skill level 1 in Fire Magic
  1982 | D:3      | Reached skill level 1 in Ice Magic
  1982 | D:3      | Reached skill level 1 in Air Magic
  1982 | D:3      | Reached skill level 1 in Earth Magic
  1982 | D:3      | Reached skill level 1 in Poison Magic
  1982 | D:3      | Reached skill level 1 in Shapeshifting
  1984 | D:3      | Killed Robin
  2236 | D:3      | Reached XP level 5. HP: 36/37 MP: 14/14
  2285 | D:3      | Found a hazy altar of Hepliaklqana.
  2287 | D:3      | Found a shadowy altar of Dithmenos.
  2289 | D:3      | Noticed a shadow
  2876 | D:3      | Found a stormy altar of Qazlal.
  3722 | D:4      | Found a runed translucent door.
  3722 | D:4      | Noticed a human
  3730 | D:4      | Found a basalt altar of Yredelemnul.
  3835 | D:4      | Found a hide-covered altar of Uskayaw.
  3951 | D:5      | Entered Level 5 of the Dungeon
  3956 | D:5      | Reached XP level 6. HP: 44/44 MP: 16/16
  4074 | D:5      | Reached skill level 5 in Dodging
  4361 | D:5      | Reached XP level 7. HP: 49/50 MP: 18/18
  4667 | D:5      | Found a staircase to the Ecumenical Temple.
  4677 | Temple   | Entered the Ecumenical Temple
  5453 | D:6      | Found a radiant altar of Vehumet.
  5459 | D:6      | Became a worshipper of Vehumet
  5676 | D:6      | Found a sparkling altar of Nemelex Xobeh.
  6213 | D:6      | Found a shimmering altar of Xom.
  6320 | D:7      | Found an iron altar of Okawaru.
  6461 | D:7      | Identified the +4 glaive "Gnoll's Regret" {flame, *Noise
                  | rN+ rCorr}
  6477 | D:7      | Reached XP level 8. HP: 5/58 MP: 19/19
  6731 | D:7      | Reached skill level 8 in Spellcasting
  7350 | D:7      | Reached XP level 9. HP: 20/65 MP: 21/21
  7691 | D:7      | Identified the +2 trident "Ymiamio" {heavy, Int+2 Stlth+}
  7867 | D:7      | Reached skill level 5 in Unarmed Combat
  7934 | D:7      | Noticed a red ugly thing
  8056 | D:6      | HP: 2/65 [red ugly thing (19)]
  8057 | D:6      | Demolished by a red ugly thing

Illustrated notes

Levels and vault maps discovered:
D:1:      saegor_arrival_miasma, layout_loops_corners
D:2:      layout_loops_corners, basic_altar
D:3:      layout_loops_ring, riverfiend_overflow_shadow_ancestor,
          lemuel_coloured_pillars_altar, uniq_robin
D:4:      layout_basic, lemuel_tele_altar, nicolae_overflow_hallway_of_the_gods,
          dk_yredelemnul_ordeal
D:5:      layout_loops_cross, minmay_temple_entry_gardened_gates
D:6:      layout_basic, lemuel_crystal_altar, nicolae_overflow_hidden_temple,
          nicolae_sextant
D:7:      layout_cave_pools, lemuel_crystal_altar, minmay_the_grid_2x2
          [minmay_the_grid_odd_star, minmay_the_grid_expand,
          minmay_the_grid_small_cups, minmay_the_grid_prize_trominoes],
          uniq_crazy_yiuf_cottage
Temple:   nicolae_temple_two_arcs

Skill      XL: |  1  2  3  4  5  6  7  8  9 |
---------------+----------------------------+-----
Invocations    | 1 2 3 4 |  4.6
Fighting       | 1 2 3 4 |  4.2
Short Blades   | 1 2 3 4 |  4.2
Long Blades    | 1 2 3 4 |  4.2
Axes           | 1 2 3 4 |  4.2
Maces & Flails | 1 2 3 4 |  4.2
Polearms       | 1 2 3 4 |  4.2
Staves         | 1 2 3 4 |  4.2
Ranged Weapons | 1 2 3 4 |  4.2
Throwing       | 1 2 3 4 |  4.2
Armour         | 1 2 3 4 |  4.2
Shields        | 1 2 3 4 |  4.2
Evocations     | 1 2 3 4 |  4.2
Conjurations   | 1 2 3 |  3.4
Hexes          | 1 2 3 |  3.4
Summonings     | 1 2 3 |  3.4
Necromancy     | 1 2 3 |  3.4
Translocations | 1 2 3 |  3.4
Fire Magic     | 1 2 3 |  3.4
Ice Magic      | 1 2 3 |  3.4
Air Magic      | 1 2 3 |  3.4
Earth Magic    | 1 2 3 |  3.4
Poison Magic   | 1 2 3 |  3.4
Shapeshifting  | 1 2 3 |  3.4
Unarmed Combat | 3 4 5 |  5.0
Stealth        | 3 4 |  4.9
Dodging        | 5 6 |  6.3
Transmutations | 6 |  6.5
Spellcasting   | 8 |  8.4

Action                     |  1- 3 |  4- 6 |  7- 9 || total
---------------------------+-------+-------+-------++-------
  Melee: Dagger            |    58 |    33 |    10 ||   101
         Bite              |     9 |     5 |     7 ||    21
         Trident           |       |       |    55 ||    55
         Punch             |       |       |     1 ||     1
   Cast: Sting             |    58 |   150 |   107 ||   315
  Evoke: Wand              |       |       |    29 ||    29
    Use: Potion            |       |     1 |     1 ||     2
         Scroll            |       |       |     7 ||     7
   Stab: Sleeping          |     1 |     1 |       ||     2
         Distracted        |       |       |     1 ||     1
 Armour: Robe              |    13 |    20 |    37 ||    70
  Dodge: Dodged            |    58 |    68 |   107 ||   233

Table legend: (Time is in decaauts)
 A = Elapsed time spent in this place.
 B = Non-inter-level travel time spent in this place.
 C = Inter-level travel time spent in this place.
 D = Time resting spent in this place.
 E = Time spent auto-exploring this place.
 F = Levels seen in this place.
 G = Mean time per level.
                   A        B        C        D        E       F      G
               +--------+--------+--------+--------+--------+-----+--------+
         Total |   8105 |   7800 |    305 |    262 |   6219 |   8 | 1013.1 |
       Dungeon |   8103 |   7799 |    304 |    262 |   6219 |   7 | 1157.6 |
        Temple |      1 |      1 |      0 |      0 |      0 |   1 |    1.0 |
               +--------+--------+--------+--------+--------+-----+--------+

Top non-repeatable levels by time:
     D:7: 1680 daAuts
     D:6: 1424 daAuts
     D:2: 1194 daAuts
     D:1: 1065 daAuts
     D:5: 1037 daAuts
     D:3: 966 daAuts
     D:4: 733 daAuts
  Temple: 1 daAuts
